 Dungeon Crawl Stone Soup version 0.21.1-1-g345015f (webtiles) character file.

70 Vodalian the Charmwright (level 4, -5/38 HPs)
             Began as a Gnoll Skald on May 18, 2018.
             Slain by Crazy Yiuf
             ... wielding a +3 quarterstaff of chaos
              (19 damage)
             ... on level 2 of the Dungeon.
             The game lasted 00:08:21 (1400 turns).

Vodalian the Charmwright (Gnoll Skald)              Turns: 1400, Time: 00:08:21

Health: -5/38      AC:  9    Str: 14    XL:     4   Next: 21%
Magic:  7/11       EV: 13    Int: 15    God:
Gold:   75         SH:  0    Dex: 15    Spells: 5/13 levels left

rFire    . . .     SeeInvis .   i - +1 hand axe (flame)
rCold    . . .     Gourm    .   (no shield)
rNeg     . . .     Faith    .   e - +0 ring mail
rPois    .         Spirit   .   j - +2 helmet
rElec    .         Reflect  .   (no cloak)
rCorr    .         Harm     .   f - +0 pair of gloves
MR       .....                  (no boots)
Stlth    +.........             (no amulet)
HPRegen  0.12/turn              (no ring)
MPRegen  0.12/turn              (no ring)

@: lethally poisoned (-5 -> -9), singing
A: distributed training, fangs 1, strong nose
a: no special abilities


You were on level 2 of the Dungeon.
You were not hungry.

You visited 1 branch of the dungeon, and saw 2 of its levels.

You collected 75 gold pieces.

Inventory:

Hand Weapons
 i - a +1 hand axe of flaming (weapon)
Missiles
 m - 8 tomahawks (quivered)
Armour
 e - a +0 ring mail (worn)
 f - a +0 pair of gloves (worn)
 j - a +2 helmet (worn)
Jewellery
 o - an uncursed ring of magical power {unknown}
Scrolls
 a - 2 scrolls of identify {unknown}
 g - 2 scrolls of magic mapping {unknown}
 l - a scroll of teleportation {unknown}
 n - a scroll of remove curse {unknown}
 p - a scroll of immolation {unknown}
Potions
 h - a potion of flight {unknown}
 k - a potion of haste {unknown}
Books
 c - a book of Battle

   Spells                             Type                      Level
   a - Infusion                       Charms                       1
   b - Shroud of Golubria             Charms/Translocation         2
   c - Song of Slaying                Charms                       2
   d - Spectral Weapon                Hexes/Charms                 3
   e - Regeneration                   Charms/Necromancy            3
Comestibles
 b - 6 chunks of flesh
 d - 2 rations


   Skills:
 + Level 4.6 Fighting
 + Level 1.0 Short Blades
 + Level 1.0 Long Blades
 + Level 4.6 Axes
 + Level 1.0 Maces & Flails
 + Level 1.0 Polearms
 + Level 1.0 Staves
 + Level 1.0 Slings
 + Level 1.0 Bows
 + Level 1.0 Crossbows
 + Level 1.0 Throwing
 + Level 2.7 Armour
 + Level 4.6 Dodging
 + Level 1.0 Stealth
 + Level 1.0 Shields
 + Level 1.0 Unarmed Combat
 + Level 5.0 Spellcasting
 + Level 0.8 Conjurations
 + Level 0.8 Hexes
 + Level 5.4 Charms
 + Level 0.8 Summonings
 + Level 0.8 Necromancy
 + Level 0.8 Translocations
 + Level 0.8 Transmutations
 + Level 0.8 Fire Magic
 + Level 0.8 Ice Magic
 + Level 0.8 Air Magic
 + Level 0.8 Earth Magic
 + Level 0.8 Poison Magic
 + Level 1.1 Invocations
 + Level 1.0 Evocations


You had 5 spell levels left.
You knew the following spells:

 Your Spells              Type           Power        Failure   Level  Hunger
a - Infusion              Chrm           ###.         3%          1    None
b - Song of Slaying       Chrm           ###.....     4%          2    ##.....
c - Regeneration          Chrm/Necr      ##........   26%         3    ###....
d - Shroud of Golubria    Chrm/Tloc      ##........   13%         2    ##.....


Dungeon Overview and Level Annotations

Branches:
Dungeon (2/15)

Altars:
Dithmenos

Annotations:
D:2 Crazy Yiuf


Innate Abilities, Weirdness & Mutations

Your experience applies equally to all skills.
You have very sharp teeth.
Your uncanny sense of smell can sniff out nearby items.


Message History

You can move again.
You hit Crazy Yiuf but do no damage.
Crazy Yiuf is lightly wounded.
Crazy Yiuf hits you with a quarterstaff of chaos.
You feel your power leaking away.
You barely miss Crazy Yiuf. Your bite misses Crazy Yiuf.
Crazy Yiuf is lightly wounded.
Crazy Yiuf hits you with a quarterstaff of chaos.
You are poisoned.
Your ring mail prevents you from hitting Crazy Yiuf.
Crazy Yiuf is lightly wounded.
You feel sick. Crazy Yiuf hits you but does no damage.
You hit Crazy Yiuf. You burn Crazy Yiuf.
Crazy Yiuf is heavily wounded.
You feel sick. Crazy Yiuf closely misses you.
You hit Crazy Yiuf. You burn Crazy Yiuf.
Crazy Yiuf is almost dead.
You feel sick. Crazy Yiuf hits you but does no damage.
You are electrocuted!
Ouch! That really hurt!
You die...

#......#####รท..########
###...#..
......(.........######
#.....#
..............#......#
##.#...
......################
#.#.#. ......# #...##
..#.#### ###..###
...>...#### ####
####....... ........#.##
###..)# #.##.#####.
...........####.@g..#
#.#..# #.
............#..##...#
#...######.
........#..#.### ####
#.......(..
.......#######
#.......... .......#
##########. ...)...###
## .........# #.
..#.....## #.
#####.######## #.


You could see Crazy Yiuf.

Vanquished Creatures
  An adder (D:2)
  2 worms (D:2)
  A dart slug (D:2)
  2 leopard geckos
  4 giant cockroaches
  7 goblins
  5 hobgoblins
  7 kobolds
  A quokka (D:2)
  10 bats
  2 frilled lizards (D:1)
  8 rats
50 creatures vanquished.

Notes
Turn   | Place    | Note
-------+----------+-------------------------------------------
     0 | D:1      | Vodalian the Gnoll Skald began the quest for the Orb.
     0 | D:1      | Reached XP level 1. HP: 20/20 MP: 6/6
   232 | D:1      | Reached XP level 2. HP: 26/26 MP: 7/7
   586 | D:1      | Reached XP level 3. HP: 28/31 MP: 9/9
   668 | D:1      | Reached skill level 5 in Spellcasting
   919 | D:1      | Learned a level 2 spell: Song of Slaying
   923 | D:1      | Learned a level 3 spell: Regeneration
   926 | D:1      | Learned a level 2 spell: Shroud of Golubria
   998 | D:2      | Reached skill level 1 in Invocations
  1135 | D:2      | Reached skill level 1 in Short Blades
  1135 | D:2      | Reached skill level 1 in Long Blades
  1135 | D:2      | Reached skill level 1 in Maces & Flails
  1135 | D:2      | Reached skill level 1 in Polearms
  1135 | D:2      | Reached skill level 1 in Staves
  1135 | D:2      | Reached skill level 1 in Slings
  1135 | D:2      | Reached skill level 1 in Bows
  1135 | D:2      | Reached skill level 1 in Crossbows
  1135 | D:2      | Reached skill level 1 in Throwing
  1135 | D:2      | Reached skill level 1 in Stealth
  1135 | D:2      | Reached skill level 1 in Shields
  1135 | D:2      | Reached skill level 1 in Unarmed Combat
  1135 | D:2      | Reached skill level 1 in Evocations
  1186 | D:2      | Found a shadowy altar of Dithmenos.
  1270 | D:2      | Reached XP level 4. HP: 38/38 MP: 11/11
  1378 | D:2      | Found a runed door.
  1384 | D:2      | Noticed Crazy Yiuf
  1391 | D:2      | Paralysed by Crazy Yiuf for 5 turns
  1400 | D:2      | Slain by Crazy Yiuf

Skill      XL: |  1  2  3 |
---------------+----------+-----
Spellcasting   | 5 |  5.0
Invocations    | 1 |  1.1
Short Blades   | 1 |  1.0
Long Blades    | 1 |  1.0
Maces & Flails | 1 |  1.0
Polearms       | 1 |  1.0
Staves         | 1 |  1.0
Slings         | 1 |  1.0
Bows           | 1 |  1.0
Crossbows      | 1 |  1.0
Throwing       | 1 |  1.0
Stealth        | 1 |  1.0
Shields        | 1 |  1.0
Unarmed Combat | 1 |  1.0
Evocations     | 1 |  1.0
Fighting       | |  4.6
Axes           | |  4.6
Armour         | |  2.7
Dodging        | |  4.6
Conjurations   | |  0.8
Hexes          | |  0.8
Charms         | |  5.4
Summonings     | |  0.8
Necromancy     | |  0.8
Translocations | |  0.8
Transmutations | |  0.8
Fire Magic     | |  0.8
Ice Magic      | |  0.8
Air Magic      | |  0.8
Earth Magic    | |  0.8
Poison Magic   | |  0.8

Action                   |  1- 3 |  4- 6 || total
-------------------------+-------+-------++-------
Melee: Hand axe          |   119 |    29 ||   148
       Bite              |     5 |     4 ||     9
       Punch             |     1 |       ||     1
 Cast: Song of Slaying   |     2 |     1 ||     3
       Infusion          |     1 |       ||     1
       Regeneration      |       |     1 ||     1
 Stab: Sleeping          |     1 |       ||     1
  Eat: Chunk             |     1 |     1 ||     2
Armor: Ring mail         |    41 |     4 ||    45
Dodge: Dodged            |    92 |    12 ||   104
